 Dungeon Crawl Stone Soup version 0.25-a0-665-ga69d64035b (webtiles) character file.

Game seed: 11087202294926935260, levelgen mode: deterministic

1 Flugkiller the Magician (level 1, -2/12 HPs)
             Began as an Octopode Wizard on Mar 27, 2020.
             Slain by a hobgoblin
             ... wielding a +0 club
              (4 damage)
             ... on level 1 of the Dungeon.
             The game lasted 00:00:41 (83 turns).

Flugkiller the Magician (Octopode Wizard)             Turns: 83, Time: 00:00:42

Health: -2/12      AC:  1    Str:  6    XL:     1   Next: 20%
Magic:  3/4        EV: 13    Int: 20    God:
Gold:   4          SH:  0    Dex: 10    Spells: 5/6 levels left

rFire    . . .     SeeInvis .   (no weapon)
rCold    . . .     Gourm    .   (no shield)
rNeg     . . .     Faith    .   a - +0 hat
rPois    .         Spirit   .   (no amulet)
rElec    .         Reflect  .   (no ring)
rCorr    .         Harm     .   (no ring)
MR       .....                  (no ring)
Stlth    +++.......             (no ring)
HPRegen  0.04/turn              (no ring)
MPRegen  0.09/turn              (no ring)
                                (no ring)
                                (no ring)

@: no status effects
A: almost no armour, stealthy swim, amphibious, 8 rings, constrict 8, camouflage
1, gelatinous body 1
a: no special abilities


You were on level 1 of the Dungeon.
You were not hungry.

You visited 1 branch of the dungeon, and saw 1 of its levels.

You collected 4 gold pieces.

Inventory:

Armour
 a - a +0 hat (worn)
Jewellery
 b - an uncursed ring of flight {unknown}
   (You found it on level 1 of the Dungeon)
Comestibles
 c - a ration


   Skills:
 + Level 0.4 Fighting
 - Level 2.0 Dodging
 - Level 2.6 Stealth
 - Level 3.0 Spellcasting
 - Level 1.0 Conjurations
   Level 1.0 Summonings
   Level 1.0 Translocations


You had 5 spell levels left.
You knew the following spells:

 Your Spells              Type           Power        Failure   Level  Hunger
a - Magic Dart            Conj           #...         10%         1    None

Your spell library contained the following spells:

 Spells                   Type           Power        Failure   Level  Hunger
 Blink                    Tloc           N/A          14%         2    ##.....
 Call Imp                 Summ           #.......     14%         2    ##.....
 Slow                     Hex            #.......     22%         2    ##.....
 Conjure Flame            Conj/Fire      #.......     34%         3    ###....
 Mephitic Cloud           Conj/Pois/Air  #.......     36%         3    ###....


Dungeon Overview and Level Annotations

Branches:
Dungeon (1/15)

Altars:


Innate Abilities, Weirdness & Mutations

You cannot wear most types of armour.
You are very stealthy in the water. (Stealth+)
You are amphibious.
You can wear up to eight rings at the same time.
You can use your tentacles to constrict eight enemies at once.
Your skin changes colour to match your surroundings (Stealth+).
Your rubbery body absorbs attacks. (AC +1, EV +1)


Message History

A giant cockroach comes into view.
Your magical contamination has completely faded away.
The hobgoblin closely misses you.
You see here a scroll labeled WEAQ WUIKAYRUL.
A hobgoblin comes into view. It is wielding a -3 club.
The goblin shouts!
The hobgoblin moves out of view.
A hobgoblin comes into view. It is wielding a +0 club.
The hobgoblin shouts!
You hear a shout!
The hobgoblin shouts!
The kobold hits you but does no damage. The kobold hits you but does no damage.
The kobold closely misses you. The kobold closely misses you.
The kobold misses you.
A bat comes into view.
You barely miss the bat. Your grab misses the bat. The bat hits you.
* * * LOW HITPOINT WARNING * * *
The bat barely misses you. The kobold hits you with a +0 dagger.
* * * LOW HITPOINT WARNING * * *
The hobgoblin closely misses you. The bat closely misses you.
The bat barely misses you. The bat barely misses you.
The bat barely misses you. The bat misses you. The bat hits you.
* * * LOW HITPOINT WARNING * * *
A bat comes into view.
The bat hits you but does no damage.
Found 14 gold pieces.
The bat hits you.
* * * LOW HITPOINT WARNING * * *
A ball python comes into view.
The bat hits you but does no damage. The bat closely misses you.
A hobgoblin comes into view. It is wielding a +0 club.
The ball python hisses angrily.
The bat hits you but does no damage.
Casting: Magic Dart (safe; 10% risk of failure)
Confirm with . or Enter, or press ? or * to list all spells.
Aiming: Magic Dart (safe; 10% risk of failure)
Press: ? - help, Shift-Dir - straight line, f - bat
Aim: a bat The magic dart hits the bat.
The bat is moderately wounded.
The bat barely misses you.
You tentacle-slap the hobgoblin but do no damage.
Your grab misses the hobgoblin. The bat closely misses you.
The hobgoblin hits you with a +0 club.
You die...

.##..<.......#
.......g###..#
..g.....# #..#
.?......# #..#
.##.....# #..#
.####..## #..#
.# #..# #..#
########.
.####..#
#..###........
.......#
#.K..#@.bS....
.#####.#
#..#bg.$......
.# #....
#gK###........
.# #....##gg#
#........
.####......g.#
#........
.............#
#....g...
.........##..#
#........
.####....##..#
#........ .#
#.... #..#
###.###


You could see 2 hobgoblins, 2 bats and a ball python.

Vanquished Creatures
  A kobold (D:1)
1 creature vanquished.

Notes
Turn   | Place    | Note
-------+----------+-------------------------------------------
     0 | D:1      | Flugkiller the Octopode Wizard began the quest for the Orb.
     0 | D:1      | Reached XP level 1. HP: 11/11 MP: 4/4
    83 | D:1      | Slain by a hobgoblin

Levels and vault maps discovered:
D:1:      dpeg_arrival_boxes_within_box, layout_basic

Action                   || total
-------------------------++-------
Melee: Unarmed           ||     7
       Tentacles         ||     1
 Cast: Magic Dart        ||     5
Armor: Skin              ||     3
Dodge: Dodged            ||    18

Table legend:
 A = Non-vault XP
 B = Vault XP
 C = Vault XP percentage of total XP
 D = Non-vault monster count
 E = Vault monster count
 F = Vault count percentage of total count
                 A         B        C        D         E       F
            +---------+---------+-------+---------+---------+-------
      Total |       2 |       0 |   0.0 |       1 |       0 |   0.0
            +---------+---------+-------+---------+---------+-------
        D:1 |       2 |       0 |   0.0 |       1 |       0 |   0.0
            +---------+---------+-------+---------+---------+-------
